 Dungeon Crawl Stone Soup version 0.23.2-40-g277498a001 (webtiles) character file.

Game seed: 17536413925913154229

513 DildoBatman the Sneak (level 7, -1/46 HPs)
             Began as a Formicid Wizard on Aug 13, 2019.
             Was an Initiate of Kikubaaqudgha.
             Slain by a hippogriff (6 damage)
             ... on level 5 of the Dungeon.
             The game lasted 00:17:22 (4508 turns).

DildoBatman the Sneak (Formicid Wizard)             Turns: 4508, Time: 00:17:23

Health: -1/46      AC:  3    Str: 11    XL:     7   Next: 43%
Magic:  5/11       EV: 24    Int: 20    God:    Kikubaaqudgha [......]
Gold:   256        SH:  0    Dex:  9    Spells: 5/12 levels left

rFire    . . .     SeeInvis +   a - +4 dagger (protect)
rCold    . . .     Gourm    .   (no shield)
rNeg     . . .     Faith    .   y - +0 robe
rPois    .         Spirit   .   (helmet unavailable)
rElec    .         Reflect  .   D - +0 cloak
rCorr    .         Harm     .   (no gloves)
MR       .....                  (no boots)
Stlth    +++.......             (no amulet)
HPRegen  0.15/turn              g - +6 ring of evasion
MPRegen  0.12/turn              B - +6 ring of evasion

@: no status effects
A: permanent stasis, dig shafts and tunnels, four strong arms, antennae 3
a: Dig, Shaft Self, Renounce Religion


You were on level 5 of the Dungeon.
You worshipped Kikubaaqudgha.
Kikubaaqudgha was noncommittal.
You were very hungry.

You visited 2 branches of the dungeon, and saw 8 of its levels.

You collected 256 gold pieces.

Inventory:

Hand Weapons
 a - a +4 dagger of protection (weapon)
 b - a +3 hunting sling
 h - a cursed +0 hunting sling
 z - a +1 dagger of venom
Missiles
 d - 23 poisoned needles
 j - 41 arrows
 k - 201 stones (quivered)
 m - 8 javelins
 p - 44 sling bullets
 r - 5 tomahawks
 w - 40 bolts
Armour
 y - a +0 robe (worn)
 D - a +0 cloak (worn)
Jewellery
 g - a +6 ring of evasion (left hand)
 B - a +6 ring of evasion (right hand)
Scrolls
 e - a scroll of enchant weapon {unknown}
 t - 2 scrolls of enchant armour
 C - 2 scrolls of fear {unknown}
Potions
 c - a potion of invisibility {unknown}
 f - 2 potions of lignification {unknown}
 i - 3 potions of might {unknown}
 n - a potion of agility {unknown}
 o - 2 potions of heal wounds
 q - a potion of resistance {unknown}
 s - 2 potions of degeneration {unknown}
 u - 2 potions of curing {unknown}
Comestibles
 l - 11 chunks of flesh
 v - 7 rations


   Skills:
 - Level 1.7 Dodging
 - Level 5.0 Stealth
 - Level 3.2 Spellcasting
 * Level 4.2 Conjurations
   Level 1.0 Summonings
   Level 0.8 Translocations
 * Level 1.9 Fire Magic
 * Level 1.6 Air Magic
 * Level 3.8 Poison Magic


You had 5 spell levels left.
You knew the following spells:

 Your Spells              Type           Power        Failure   Level  Hunger
a - Conjure Flame         Conj/Fire      ###.....     12%         3    ###....
c - Magic Dart            Conj           ###.         2%          1    None
e - Mephitic Cloud        Conj/Pois/Air  ###.....     11%         3    ###....

Your spell library contained the following spells:

 Spells                   Type           Power        Failure   Level  Hunger
 Confusing Touch          Hex            #.....       14%         1    None
 Corona                   Hex            #......      14%         1    None
 Call Imp                 Summ           #.......     14%         2    ##.....
 Slow                     Hex            #.......     22%         2    ##.....
 Gell's Gravitas          Tloc           #.........   28%         3    ###....
 Inner Flame              Hex/Fire       #.......     28%         3    ###....
 Portal Projectile        Hex/Tloc       #.....       34%         3    ###....
 Confuse                  Hex            #.......     38%         3    ###....
 Cause Fear               Hex            #.........   80%         4    ####...
 Leda's Liquefaction      Hex/Erth       #.........   80%         4    ####...
 Petrify                  Tmut/Erth      #.......     80%         4    ####...
 Metabolic Englaciation   Hex/Ice        #.........   98%         5    ######.
 Yara's Violent Unravell  Hex/Tmut       #.........   98%         5    ######.
 Blink                    Tloc           Unusable     N/A         2    N/A

Dungeon Overview and Level Annotations

Branches:
Dungeon (7/15)             Temple (1/1) D:7

Altars:
Ashenzari
Dithmenos
Elyvilon
Fedhas
Kikubaaqudgha
Makhleb
Nemelex Xobeh
Okawaru
Ru
Sif Muna
Uskayaw
Vehumet
Wu Jian
Xom
Yredelemnul
Zin
The Shining One

Shops:
D:4 ?

Annotations:
D:2 Robin
D:3 1 exclusion, Natasha
D:4 exclusions: adder and ogre
D:7 exclusions: 3 sensed monsters (detected) and two-headed ogre


Innate Abilities, Weirdness & Mutations

You cannot be hasted, slowed, berserked, paralysed or teleported.
You can dig through walls and to a lower floor.
Your four strong arms can wield two-handed weapons with a shield.
You have a pair of large antennae on your head. (SInv)


Message History

Your weapon exudes an aura of protection.
The hound is moderately wounded.
The hound barely misses you. The hippogriff bites you!
The hippogriff closely misses you. x2
You extend your mandibles.
You dig through the rock wall.
The hound completely misses you. The hound bites you but does no damage.
You retract your mandibles.
The hound closely misses you.
Your magical contamination has completely faded away.
The hound stops to sniff the ground.
You are feeling very hungry.
A scorpion comes into view.
The hippogriff bites you! The hippogriff barely misses you.
The hippogriff claws you.
You die...
Kikubaaqudgha rasps: "You have failed me!
Welcome... death!"

#.######...# .#.
#.....Z..#.# #.#{# .#
#..#####...# #.#.# .# {
#..# ##### #.#.# .# #>.#
#.#.# a# #..#
############.#.# .# #..#
#..h.....<##.#.# .# #..#
#.#######.##.#.###.###..#
#..#
##.######@.##.......h....#
#..#
#......hH....<#.†.......##
#.<#
#..#######.##..†........#
...#####..###
##...#.#.#######.#
#..).)).....###......#.# #
##.....)....##.......#.#
###.#####.#..).........#
#.# #.#.##...............
#.# #...........#########


You could see a hippogriff and a hound.

Vanquished Creatures
  An ogre (D:6)
  A hound (D:4)
  2 orc priests
  2 orc wizards
  3 worker ants
  4 gnolls (D:2)
  5 adders
  A shadow imp (D:6)
  2 adder skeletons (D:6)
  A dart slug (D:1)
  6 leopard geckos
  17 orcs
  8 bats
  5 giant cockroaches
  15 goblins
  6 hobgoblins
  3 jackals (D:5)
  2 quokkas
  A ball python (D:3)
  3 frilled lizards
  12 kobolds
  A quokka zombie (D:5)
  8 rats
109 creatures vanquished.

Notes
Turn   | Place    | Note
-------+----------+-------------------------------------------
     0 | D:1      | DildoBatman the Formicid Wizard began the quest for the
                  | Orb.
     0 | D:1      | Reached XP level 1. HP: 13/13 MP: 4/4
     5 | D:1      | Reached skill level 1 in Conjurations
   139 | D:1      | Reached XP level 2. HP: 19/19 MP: 0/6
   713 | D:1      | Reached XP level 3. HP: 24/24 MP: 4/7
   718 | D:1      | Learned a level 3 spell: Conjure Flame
   722 | D:1      | Learned a level 3 spell: Mephitic Cloud
   883 | D:2      | Reached skill level 3 in Stealth
   973 | D:2      | Reached XP level 4. HP: 29/30 MP: 8/8
  1003 | D:2      | Reached skill level 1 in Poison Magic
  1267 | D:3      | Reached XP level 5. HP: 31/35 MP: 9/9
  1290 | D:3      | Noticed Robin
  1318 | D:3      | Reached skill level 1 in Fire Magic
  1381 | D:3      | Reached skill level 1 in Air Magic
  1561 | D:3      | Found a glowing silver altar of Zin.
  1603 | D:3      | Reached skill level 4 in Stealth
  1627 | D:3      | Reached XP level 6. HP: 35/41 MP: 2/10
  1782 | D:3      | Found a deep blue altar of Sif Muna.
  2054 | D:4      | Noticed a phantom
  2125 | D:4      | Noticed Natasha
  2353 | D:3      | Found a blossoming altar of Fedhas.
  2420 | D:4      | Noticed an ogre
  2520 | D:4      | Found Hofeehe's Magic Scroll Shop.
  2772 | D:5      | Entered Level 5 of the Dungeon
  3408 | D:5      | Found a shattered altar of Ashenzari.
  3432 | D:5      | Noticed a hippogriff
  3714 | D:6      | Noticed an ogre
  3860 | D:7      | Reached skill level 5 in Stealth
  3917 | D:7      | Noticed a two-headed ogre
  3952 | D:7      | Found a staircase to the Ecumenical Temple.
  3961 | Temple   | Entered the Ecumenical Temple
  4208 | Temple   | Became a worshipper of Kikubaaqudgha
  4270 | D:6      | Killed an ogre
  4270 | D:6      | Reached XP level 7. HP: 46/46 MP: 7/11
  4508 | D:5      | Slain by a hippogriff

Skill      XL: |  1  2  3  4  5  6 |
---------------+-------------------+-----
Conjurations   | 1 2 3 4 |  4.2
Stealth        | 3 4 5 |  5.0
Poison Magic   | 1 2 3 |  3.8
Fire Magic     | 1 |  1.9
Air Magic      | 1 |  1.6
Dodging        | |  1.7
Spellcasting   | |  3.2
Summonings     | |  1.0
Translocations | |  0.8

Action                   |  1- 3 |  4- 6 |  7- 9 || total
-------------------------+-------+-------+-------++-------
Melee: Club              |    12 |       |       ||    12
       Short sword       |     7 |       |       ||     7
       Unarmed           |     3 |       |       ||     3
       Whip              |    17 |    68 |       ||    85
       Dagger            |       |    53 |    54 ||   107
       Hunting sling     |       |     1 |       ||     1
 Fire: Hunting sling     |       |    28 |       ||    28
 Cast: Magic Dart        |    56 |    80 |     4 ||   140
       Mephitic Cloud    |       |     7 |     7 ||    14
       Conjure Flame     |       |     1 |       ||     1
 Abil: Dig               |     3 |    13 |     1 ||    17
  Use: Scroll            |       |     6 |       ||     6
       Potion            |       |       |     2 ||     2
 Stab: Confused          |       |     1 |     4 ||     5
  Eat: Chunk             |     1 |     8 |     1 ||    10
       Ration            |       |     1 |       ||     1
Armor: Robe              |     6 |    15 |     8 ||    29
Dodge: Dodged            |    62 |   147 |    70 ||   279
